Unix NetHack Version 5.0.0-0 post-release - last build May 10 2026 23:12:36 (d1fa5d53e341ca933230fdaa984d921c805b60aa,branch:main).

Game began 2026-05-10 17:27:18, ended 2026-05-11 17:48:04.

Japes, lawful female human Valkyrie

               -----
               |khZ|
               |Z.Z|           -----                   ---------
               |deF-#          |...|     ---------    #........|
               |:%:|#          |...|     |.......|    #|.......|
               -%---#       ----...---- #........|    #|G......|
                #   #       |"........| #|.......|    #|e@.....|
                #   #       |.........| #|.......|    #|.>.....|
 ---------   ---|-  #       |.."......| #-----)---    #-------+-
 |.......|   |...|  #       -----%--.-- ##    ###     #
 |.......|   |...|  ##           #  #    #      #     #
 |.....<..#  |...----#  # ########  #    #      #     #
 ---------###.....(.|# -|-"----     #    #      #     #
             |......|#"%......|     ###  #      ###   #
             |......|  |......|       #  #     ---.---#
             |...----  |.......     --.--#     |`{...|#
             |...|     --------     |(..-#     |.....-#
             |...|                  |)..|      |.....|
             -----                  -----      -------

Japes the Skirmisher        St:14 Dx:17 Co:18 In:8 Wi:7 Ch:7  Lawful
Dlvl:3  $:150 HP:0(56) Pw:12(12) AC:2  Xp:5/255 T:2413 

Latest messages:
 (For instructions type a '?')
 Move cursor to a monster, object or location:
 What do you want to throw? [$bl or ?*]
 In what direction?
 The orcish dagger hits the floating eye.
 What do you want to throw? [$b or ?*]
 In what direction?
 The dagger hits the floating eye.
 You miss the floating eye.
 You are frozen by the floating eye's gaze!
 You hear the footsteps of a guard on patrol.
 You hear someone cursing shoplifters.
 You can move again.
 You hit the floating eye.
 You are frozen by the floating eye's gaze!
 You hear the chime of a cash register.
 You hear the chime of a cash register.
 You can move again.
 You hit the floating eye!
 You are frozen by the floating eye's gaze!
 You hear water falling on coins.
 You hear someone cursing shoplifters.
 You hear someone cursing shoplifters.
 The gnome hits!
 The gnome hits!
 The gnome just misses!
 The gnome misses!
 You hear water falling on coins.
 The gnome just misses!
 The gnome hits!
 The gnome hits!
 The gnome hits!
 The gnome hits!
 The gnome hits!
 The gnome hits!
 The gnome hits!
 The gnome hits!
 The gnome hits!
 The gnome hits!
 The gnome hits!
 The gnome hits!
 The gnome hits!
 The gnome hits!
 The gnome hits!
 The gnome hits!
 The gnome hits!
 The gnome hits!
 You die...
 Do you want your possessions identified? [ynq] (y)
 Do you want to see your attributes? [ynq] (y)

Inventory:
 Coins    ('$')
  $ - 150 gold pieces
 Weapons  (')')
  a - a blessed +1 spear (weapon in right hand)
 Armor    ('[')
  o - an uncursed +0 pair of low boots
  c - an uncursed +3 small shield (being worn)
  f - an uncursed +0 scale mail (being worn)
 Comestibles  ('%')
  d - 2 uncursed food rations
  n - an uncursed tripe ration
  q - an uncursed egg
 Spellbooks  ('+')
  i - an uncursed spellbook of cause fear
  g - an uncursed spellbook of jumping
 Potions  ('!')
  e - an uncursed potion of gain level
  m - an uncursed potion of healing
 Wands    ('/')
  s - a wand of create monster (0:14)
  t - a wand of striking (0:3)
  h - a wand of teleportation (0:7)
 Gems/Stones  ('*')
  j - an uncursed opal
  k - an uncursed worthless piece of black glass
  r - an uncursed worthless piece of orange glass

Japes the Valkyrie's attributes:

Background:
 You were a Skirmisher, a level 5 human Valkyrie.
 You were lawful, on a mission for Tyr
 who was opposed by Odin (neutral) and Loki (chaotic).
 You were right-handed.
 You were in the Dungeons of Doom, on level 3.
 You entered the dungeon 2413 turns ago.
 You had 255 experience points, 65 more were needed to attain level 6.

Basics:
 You had 0 out of 56 hit points.
 You had all 12 energy points (spell power).
 Your armor class was 2.
 Your wallet contained 150 zorkmids.
 Autopickup was on for '$' plus thrown.

Final Characteristics:
 Your strength was 14 (peak:18, limit:18/100).
 Your dexterity was 17 (limit:18).
 Your constitution was 18 (limit:18).
 Your intelligence was 8 (limit:18).
 Your wisdom was 7 (limit:18).
 Your charisma was 7 (limit:18).

Final Status:
 You weren't hungry.
 You were unencumbered.
 You were wielding a spear.
 You had basic skill with spear and could have enhanced that.

Final Attributes:
 You were piously aligned.
 You were cold resistant.
 You were stealthy.
 You were warded.
 You are dead.

Miscellaneous:
 You didn't encounter any bones levels.
 Total elapsed playing time was 26 minutes and 19 seconds.

Major events:
 Turn
    1: Japes the lawful human Valkyrie entered the dungeon
  450: attained the rank of Skirmisher (level 3)
 2413: killed by a gnome, while frozen by a floating eye's gaze

You didn't know any spells.

Skills:
 Fighting Skills
   bare handed combat [Unskilled]
   two weapon combat  [Unskilled]
   riding             [Unskilled]
 Weapon Skills
   dagger             [Basic]
   axe                [Unskilled]
   pick-axe           [Unskilled]
   short sword        [Unskilled]
   broadsword         [Unskilled]
   long sword         [Unskilled]
   two-handed sword   [Unskilled]
   saber              [Unskilled]
   hammer             [Unskilled]
   quarterstaff       [Unskilled]
   polearms           [Unskilled]
   spear              [Basic]
   trident            [Unskilled]
   lance              [Unskilled]
   sling              [Unskilled]
 Spellcasting Skills
   attack spells      [Unskilled]
   escape spells      [Unskilled]

Voluntary challenges:
 Character rerolling was not enabled.
 You never genocided any monsters.
 You never polymorphed an object.
 You never changed form.
 You used no wishes.
Achievements:
 You entered a shop.
 You attained the rank of Skirmisher.

 The Dungeons of Doom: levels 1 to 3
    Level 1:
       Some fountains.
    Level 2:
       An armor shop.
    Level 3: <- You were here.
       A fountain.
       Final resting place for
          you, killed by a gnome, while frozen by a floating eye's gaze.


Vanquished creatures:
  a small mimic
  a panther
  a pony
  a shrieker
  a homunculus
  4 dwarf zombies
  3 iguanas
  a killer bee
  a gas spore
  4 manes
  a hobgoblin
  4 cave spiders
  a red mold
  6 garter snakes
  2 geckos
  5 jackals
  a fox
  3 kobolds
  a goblin
  2 sewer rats
  4 grid bugs
  4 lichens
  a newt
53 creatures vanquished.

No species were genocided or became extinct.

Game over:
                       ----------
                      /          \
                     /    REST    \
                    /      IN      \
                   /     PEACE      \
                  /                  \
                  |      Japes       |
                  |      150 Au      |
                  |   killed by a    |
                  |      gnome       |
                  |                  |
                  |                  |
                  |       2026       |
                 *|     *  *  *      | *
        _________)/\\_//(\/(/\)/\//\/|_)_______

Farvel Japes the Valkyrie...

You died in The Dungeons of Doom on dungeon level 3 with 1265 points,
and 150 pieces of gold, after 2413 moves.
You were level 5 with a maximum of 56 hit points when you died.

